 Dungeon Crawl Stone Soup version 0.22-a0-800-g058c00f (webtiles) character file.

61 rgaf the Caller (level 3, -2/14 HPs)
             Began as a Felid Summoner on July 22, 2018.
             Slain by an orc
             ... wielding a +0 hand axe
              (3 damage)
             ... on level 3 of the Dungeon.
             The game lasted 00:04:11 (3372 turns).

rgaf the Caller (Felid Summoner)                    Turns: 3372, Time: 00:04:11

Health: -2/14      AC:  1    Str:  4    XL:     3   Next: 83%
Magic:  8/8        EV: 18    Int: 17    God:
Gold:   74         SH:  0    Dex: 16    Spells: 4/7 levels left
                                        Lives:  0   Deaths: 0

rFire    . . .     SeeInvis +   (weapon unavailable)
rCold    . . .     Gourm    .   (shield unavailable)
rNeg     . . .     Faith    .   (armour unavailable)
rPois    .         Spirit   .   (helmet unavailable)
rElec    .         Reflect  .   (cloak unavailable)
rCorr    .         Harm     .   (gloves unavailable)
MR       .....                  (boots unavailable)
Stlth    +++.......             (no amulet)
HPRegen  0.04/turn              (no ring)
MPRegen  0.11/turn              (no ring)

@: quick
A: very small, no armour, no weapons or thrown items, stealth, claws 1, fangs 3,
see invisible, carnivore, speed 1, shaggy fur 1, slow metabolism 1, sharp paws
a: no special abilities


You were on level 3 of the Dungeon.
You were completely stuffed.

You visited 1 branch of the dungeon, and saw 3 of its levels.

You collected 74 gold pieces.

Inventory:

Jewellery
 g - an uncursed amulet of magic regeneration {unknown}
 i - an uncursed amulet of rage {unknown}
Scrolls
 h - a scroll of enchant armour {unknown}
Potions
 a - a potion of magic {unknown}
 c - a potion of haste {unknown}
 d - a potion of degeneration {unknown}
 e - 2 potions of resistance {unknown}
 f - a potion of ambrosia {unknown}
Comestibles
 b - 3 rations
 j - 3 chunks of flesh


   Skills:
 - Level 2.6 Dodging
 - Level 2.6 Stealth
 + Level 2.7 Spellcasting
 * Level 5.1 Summonings


You had 4 spell levels left.
You knew the following spells:

 Your Spells              Type           Power        Failure   Level  Hunger
a - Summon Small Mammal   Summ           ###.         2%          1    #......
b - Call Imp              Summ           ###.....     3%          2    ##.....

Your spell library contained the following spells:

 Spells                   Type           Power        Failure   Level  Hunger
 Summon Ice Beast         Ice/Summ       ##......     54%         4    #####..
 Call Canine Familiar     Summ           ###.....     7%          3    ###....
 Summon Lightning Spire   Summ/Air       ##......     54%         4    #####..
 Summon Guardian Golem    Hex/Summ       ##......     19%         3    ###....


Dungeon Overview and Level Annotations

Branches:
Dungeon (3/15)

Altars:
Wu Jian
Yredelemnul


Innate Abilities, Weirdness & Mutations

You cannot wear armour.
You are incapable of wielding weapons or throwing items.
Your paws allow you to move quietly. (Stealth)
You have sharp claws.
You have razor-sharp teeth.
You have supernaturally acute eyesight. (SInv)
You are carnivorous and can eat meat at any time.
You cover ground quickly.
You are covered in fur. (AC +1)
You have a slow metabolism.
Your sharp claws are effective at attacking unaware monsters.


Message History

You start resting.
Your crimson imp blinks!
Your crimson imp disappears in a puff of smoke!
HP restored.
You butcher the ball python corpse.
j - 2 chunks of flesh You see here a ball python skeleton. x2
Eating one of 2 chunks of flesh.
You eat one of the 2 chunks of flesh.
This raw flesh tastes great.
You butcher the adder corpse.
j - 3 chunks of flesh (gained 2)
You see here an adder skeleton. x2
There is an open door here.
There is a stone staircase leading down here.
You climb downwards.
Your summoned ally is left behind.
The goblin hits you with a club. The worm bites you!
Ouch! That really hurt!
* * * LOW HITPOINT WARNING * * *
The orc hits you with a hand axe.
You die...

#....# ####...<..#.#.
#....######....(.......
#....#......#...#.#....
#......................
#....#>...(..(.........
#....#.................
#....#...g............#
######...o.............
#.w@.............
#.g..............
###..............
##.....#.....#.
#########.### .# .#


You could see a worm, an orc and 2 goblins.

Vanquished Creatures
  2 bats
  A rat (D:1)
3 creatures vanquished.

Vanquished Creatures (collateral kills)
  2 adders (D:2)
  An ooze (D:3)
  2 worms (D:2)
  4 dart slugs
  2 leopard geckos (D:2)
  2 ball pythons
  5 giant cockroaches
  7 hobgoblins
  4 jackals
  7 kobolds
  A quokka (D:3)
  4 bats
  4 frilled lizards
  7 goblins
  7 rats
59 creatures vanquished.

Grand Total: 62 creatures vanquished

Notes
Turn   | Place    | Note
-------+----------+-------------------------------------------
     0 | D:1      | rgaf the Felid Summoner began the quest for the Orb.
     0 | D:1      | Reached XP level 1. HP: 7/7 MP: 4/4
   720 | D:1      | Reached XP level 2. HP: 11/11 MP: 4/6
  1592 | D:1      | Learned a level 2 spell: Call Imp
  1838 | D:2      | Reached XP level 3. HP: 14/14 MP: 1/7
  2441 | D:2      | Found a basalt altar of Yredelemnul.
  2789 | D:2      | Found an ornate altar of the Wu Jian Council.
  2990 | D:3      | Reached skill level 5 in Summonings
  3372 | D:3      | Slain by an orc

Vault maps used:
D:1:      minmay_arrival_solitary_statue
D:2:      nicolae_overflow_hidden_temple, yredelemnul_altar_generic,
          kennysheep_generic_room_11
D:3:      overflow_temple_1_default, uniq_grinder

Skill      XL: |  1  2  3 |
---------------+----------+-----
Summonings     | 5 |  5.1
Dodging        | |  2.6
Stealth        | |  2.6
Spellcasting   | |  2.7

Action                   || total
-------------------------++-------
Melee: Unarmed           ||    32
       Bite              ||     3
 Cast: Summon Small Mamm ||    48
       Call Imp          ||    46
  Eat: Chunk             ||    15
Armor: Skin              ||    13
Dodge: Dodged            ||   124

Table legend:
 A = Spawn XP
 B = Non-spawn XP
 C = Spawn XP percentage of total XP
 D = Spawn monster count
 E = Non-spawn monster count
 F = Spawn count percentage of total count
 G = Total turns spent on level
                    A         B        C        D         E        F      G
               +---------+---------+-------+---------+---------+-------+---------
         Total |       0 |      88 |   0.0 |       0 |      62 |   0.0 |  3372
               +---------+---------+-------+---------+---------+-------+---------
           D:1 |       0 |      29 |   0.0 |       0 |      27 |   0.0 |  1615
           D:2 |       0 |      50 |   0.0 |       0 |      29 |   0.0 |  1602
           D:3 |       0 |       9 |   0.0 |       0 |       6 |   0.0 |   155
               +---------+---------+-------+---------+---------+-------+---------
